TOP OF THE 1ST |
Albuquerque Isotopes batting - Pitching for New Orleans Zephyrs : RHP Jose Velez
|
Pitching: RHP Jose Velez
|
|
Now at 3B: Gavin Helton
|
|
Batting: LHB Enrique Andrade
|
0-0: Called Strike 0-1: Ball 1-1: Ball 2-1: Called Strike 2-2: Strikes out looking
|
Batting: LHB Tetsuya Oba
|
0-0: Ball 1-0: Ball 2-0: Ball 3-0: Base on Balls
|
Batting: RHB Jerry Castro
|
0-0: Called Strike 0-1: Ball Tetsuya Oba steals 2nd base 1-1: Called Strike Tetsuya Oba steals 3rd base (no throw) 1-2: DOUBLE (Flyball, 8LXD, EV 106.9 MPH) Tetsuya Oba scores
|
Batting: RHB Logan Morgan
|
0-0: Ball 1-0: Called Strike 1-1: Ground out 6-3 (Groundball, 6, EV 81.3 MPH) Jerry Castro to third
|
Batting: RHB Bobby Heagle
|
0-0: Called Strike 0-1: Ball 1-1: Called Strike 1-2: Ball 2-2: Ball 3-2: Strikes out swinging
|
Top of the 1st over - 1 run, 1 hit, 0 errors, 1 left on base; Albuquerque 1 - New Orleans 0 |
BOTTOM OF THE 1ST |
New Orleans Zephyrs batting - Pitching for Albuquerque Isotopes : RHP Nick Butler
|
Pitching: RHP Nick Butler
|
|
Batting: RHB Gavin Helton
|
0-0: Foul Ball, location: 2F 0-1: Ball 1-1: Bunted foul 1-2: Ground out 4-3 (Groundball, 4, EV 103.8 MPH)
|
Batting: SHB Ramon Martinez
|
0-0: Ball 1-0: SINGLE (Groundball, 4M, EV 99.4 MPH)
|
Batting: RHB Alex Gomez
|
0-0: Ball 1-0: Called Strike Ramon Martinez steals 2nd, throwing error, E2 Ramon Martinez to third 1-1: Ball 2-1: Foul Ball, location: 2F 2-2: Ground out 6-3 (Groundball, 56, EV 103.1 MPH) Ramon Martinez scores
|
Batting: RHB Chris Lee
|
0-0: Ball 1-0: Called Strike 1-1: Ball 2-1: Foul Ball, location: 2F 2-2: Ball 3-2: Foul Ball, location: 2F 3-2: Ground out 6-3 (Groundball, 6, EV 88.1 MPH)
|
Bottom of the 1st over - 1 run, 1 hit, 1 error, 0 left on base; Albuquerque 1 - New Orleans 1 |
TOP OF THE 2ND |
Albuquerque Isotopes batting - Pitching for New Orleans Zephyrs : RHP Jose Velez
|
Batting: RHB Ryan Taylor
|
0-0: Swinging Strike 0-1: Ground out 6-3 (Groundball, 56D, EV 100.0 MPH)
|
Batting: RHB Nate Carrell
|
0-0: Ball 1-0: Ball 2-0: Foul Ball, location: 2F 2-1: Swinging Strike 2-2: Strikes out looking
|
Batting: RHB Josh Baker
|
0-0: Foul Ball, location: 2F 0-1: Foul Ball, location: 2F 0-2: Strikes out looking
|
Top of the 2nd over - 0 runs, 0 hits, 0 errors, 0 left on base; Albuquerque 1 - New Orleans 1 |
BOTTOM OF THE 2ND |
New Orleans Zephyrs batting - Pitching for Albuquerque Isotopes : RHP Nick Butler
|
Batting: RHB Gebre-Giorgios Tikolo
|
0-0: Ground out 6-3 (Groundball, 6, EV 83.8 MPH)
|
Batting: RHB Jesus Castillo
|
0-0: Foul Ball, location: 2F 0-1: Ground out 5-3 (Groundball, 5S, EV 87.5 MPH)
|
Batting: RHB Kyle Ashton
|
0-0: Foul Ball, location: 2F 0-1: Ball 1-1: DOUBLE (Line Drive, 7LS, EV 110.0 MPH)
|
Batting: RHB John Jackson
|
0-0: Ball 1-0: Called Strike 1-1: Ball 2-1: Foul Ball, location: 2F 2-2: Ball 3-2: Foul Ball, location: 2F 3-2: Foul Ball, location: 2F 3-2: SINGLE (Groundball, 6MD, EV 95.6 MPH) Kyle Ashton to third Runner from 3rd tries for Home, SAFE, throw by CF to home John Jackson to second
|
Batting: RHB Humberto Oros
|
0-0: Ball 1-0: Reached on error, E5 (Groundball, 5S, EV 78.8 MPH) John Jackson scores
|
Batting: RHB Gavin Helton
|
0-0: Ball 1-0: Ball 2-0: SINGLE (Groundball, 6MS, EV 68.1 MPH) (infield hit) Humberto Oros to third
|
Batting: SHB Ramon Martinez
|
0-0: Ball Gavin Helton is caught stealing 2nd base 2-6
|
Bottom of the 2nd over - 2 runs, 3 hits, 1 error, 1 left on base; Albuquerque 1 - New Orleans 3 |
TOP OF THE 3RD |
Albuquerque Isotopes batting - Pitching for New Orleans Zephyrs : RHP Jose Velez
|
Batting: RHB Ben Alspach
|
0-0: Foul Ball, location: 2F 0-1: Ball 1-1: Foul Ball, location: 2F 1-2: Ball 2-2: Ground out U3 (Groundball, 13, EV 87.5 MPH)
|
Batting: LHB Enrique Andrade
|
0-0: Called Strike 0-1: Ball 1-1: Called Strike 1-2: Foul Ball, location: 2F 1-2: Foul Ball, location: 2F 1-2: Ball 2-2: Strikes out swinging
|
Batting: LHB Tetsuya Oba
|
0-0: Fly out, F5 (Popup, 6, EV 67.5 MPH)
|
Top of the 3rd over - 0 runs, 0 hits, 0 errors, 0 left on base; Albuquerque 1 - New Orleans 3 |
BOTTOM OF THE 3RD |
New Orleans Zephyrs batting - Pitching for Albuquerque Isotopes : RHP Nick Butler
|
Batting: SHB Ramon Martinez
|
0-0: Foul Ball, location: 2F 0-1: Foul Ball, location: 2F 0-2: Strikes out swinging
|
Batting: RHB Alex Gomez
|
0-0: Ball 1-0: Ball 2-0: Called Strike 2-1: Foul Ball, location: 2F 2-2: Ball 3-2: Ground out 5-3 (Groundball, 5, EV 101.3 MPH)
|
Batting: RHB Chris Lee
|
0-0: Ball 1-0: Called Strike 1-1: Swinging Strike 1-2: Ball 2-2: Ball 3-2: DOUBLE (Groundball, 5L, EV 104.4 MPH)
|
Batting: RHB Gebre-Giorgios Tikolo
|
0-0: Fly out, F8 (Flyball, 8LD, EV 106.3 MPH)
|
Bottom of the 3rd over - 0 runs, 1 hit, 0 errors, 1 left on base; Albuquerque 1 - New Orleans 3 |
TOP OF THE 4TH |
Albuquerque Isotopes batting - Pitching for New Orleans Zephyrs : RHP Jose Velez
|
Batting: RHB Jerry Castro
|
0-0: Fly out, F9 (Flyball, 9D, EV 105.0 MPH)
|
Batting: RHB Logan Morgan
|
0-0: Foul Ball, location: 2F 0-1: Swinging Strike 0-2: Fly out, F8 (Flyball, 8RD, EV 78.8 MPH)
|
Batting: RHB Bobby Heagle
|
0-0: Ball 1-0: Ball 2-0: Called Strike 2-1: Ball 3-1: Base on Balls
|
Batting: RHB Ryan Taylor
|
0-0: Called Strike 0-1: Ball Wild Pitch! Bobby Heagle to second 1-1: Ball 2-1: Swinging Strike 2-2: Foul Ball, location: 2F 2-2: Ground out 5-3 (Groundball, 56S, EV 63.1 MPH)
|
Top of the 4th over - 0 runs, 0 hits, 0 errors, 1 left on base; Albuquerque 1 - New Orleans 3 |
BOTTOM OF THE 4TH |
New Orleans Zephyrs batting - Pitching for Albuquerque Isotopes : RHP Nick Butler
|
Batting: RHB Jesus Castillo
|
0-0: Called Strike 0-1: Ball 1-1: Swinging Strike 1-2: Ball 2-2: Strikes out swinging
|
Batting: RHB Kyle Ashton
|
0-0: Called Strike 0-1: Called Strike 0-2: Foul Ball, location: 2F 0-2: Ball 1-2: Ball 2-2: Ball 3-2: Hit by Pitch
|
Batting: RHB John Jackson
|
0-0: Ball Kyle Ashton steals 2nd base 1-0: SINGLE (Groundball, 4MD, EV 108.8 MPH) Kyle Ashton to third
|
Batting: RHB Humberto Oros
|
0-0: Called Strike 0-1: Foul Ball, location: 2F 0-2: Reached on error, E6 (Groundball, 6MS, EV 66.3 MPH) Kyle Ashton scores John Jackson to second
|
Batting: RHB Gavin Helton
|
0-0: Ball 1-0: SINGLE (Groundball, 56D, EV 86.3 MPH) (infield hit) John Jackson to third Humberto Oros to second
|
Batting: SHB Ramon Martinez
|
0-0: Swinging Strike 0-1: Ball 1-1: Ball 2-1: SINGLE (Groundball, 5D, EV 95.0 MPH) John Jackson scores Humberto Oros to third Gavin Helton to second
|
Pitching: LHP Vasquo Sartores
|
|
Batting: RHB Alex Gomez
|
0-0: Ball 1-0: Ball 2-0: Fly out, F9 (Flyball, 9, EV 81.9 MPH)
|
Batting: RHB Chris Lee
|
0-0: Ball 1-0: Called Strike 1-1: Ball 2-1: Foul Ball, location: 2F 2-2: Strikes out swinging
|
Bottom of the 4th over - 2 runs, 3 hits, 1 error, 3 left on base; Albuquerque 1 - New Orleans 5 |
TOP OF THE 5TH |
Albuquerque Isotopes batting - Pitching for New Orleans Zephyrs : RHP Jose Velez
|
Batting: RHB Nate Carrell
|
0-0: Ball 1-0: Ball 2-0: Called Strike 2-1: Ball 3-1: Called Strike 3-2: Foul Ball, location: 2F 3-2: Foul Ball, location: 2F 3-2: Ground out 5-3 (Groundball, 56, EV 107.5 MPH)
|
Batting: RHB Josh Baker
|
0-0: Fly out, F4 (Popup, 34D, EV 56.3 MPH)
|
Batting: RHB Ben Alspach
|
0-0: Ball 1-0: Ball 2-0: Ball 3-0: Fly out, F8 (Line Drive, 8LM, EV 95.0 MPH)
|
Top of the 5th over - 0 runs, 0 hits, 0 errors, 0 left on base; Albuquerque 1 - New Orleans 5 |
BOTTOM OF THE 5TH |
New Orleans Zephyrs batting - Pitching for Albuquerque Isotopes : LHP Vasquo Sartores
|
Batting: RHB Gebre-Giorgios Tikolo
|
0-0: Ball 1-0: Foul Ball, location: 2F 1-1: Ball 2-1: Foul Ball, location: 2F 2-2: Foul Ball, location: 2F 2-2: Strikes out swinging
|
Batting: RHB Jesus Castillo
|
0-0: Ball 1-0: Ball 2-0: Ground out 6-3 (Groundball, 6MD, EV 101.9 MPH)
|
Batting: RHB Kyle Ashton
|
0-0: Ball 1-0: Foul Ball, location: 2F 1-1: Ball 2-1: Swinging Strike 2-2: Foul Ball, location: 2F 2-2: Ground out 6-3 (Groundball, 56, EV 98.1 MPH)
|
Bottom of the 5th over - 0 runs, 0 hits, 0 errors, 0 left on base; Albuquerque 1 - New Orleans 5 |
TOP OF THE 6TH |
Albuquerque Isotopes batting - Pitching for New Orleans Zephyrs : RHP Jose Velez
|
Pitching: RHP Campbell Wagenmakers
|
|
Batting: LHB Enrique Andrade
|
0-0: Ball 1-0: Ball 2-0: Ball 3-0: Base on Balls
|
Batting: LHB Tetsuya Oba
|
0-0: Ball 1-0: Called Strike 1-1: Ball 2-1: Called Strike 2-2: 2-RUN HOME RUN (Flyball, 9D, EV 99.4 MPH), Distance : 362 ft
|
Batting: RHB Jerry Castro
|
0-0: Ball 1-0: Swinging Strike 1-1: Called Strike 1-2: Foul Ball, location: 2F 1-2: Strikes out swinging
|
Batting: RHB Logan Morgan
|
0-0: Ball 1-0: Ball 2-0: Called Strike 2-1: Swinging Strike 2-2: Foul Ball, location: 2F 2-2: Strikes out swinging
|
Batting: RHB Bobby Heagle
|
0-0: Ball 1-0: Ground out 5-3 (Groundball, 56, EV 78.8 MPH)
|
Top of the 6th over - 2 runs, 1 hit, 0 errors, 0 left on base; Albuquerque 3 - New Orleans 5 |
BOTTOM OF THE 6TH |
New Orleans Zephyrs batting - Pitching for Albuquerque Isotopes : LHP Vasquo Sartores
|
Batting: RHB John Jackson
|
0-0: Ball 1-0: Ball 2-0: Ball 3-0: Called Strike 3-1: Called Strike 3-2: Base on Balls
|
Batting: RHB Humberto Oros
|
0-0: Grounds into double play, 5-4-3 (Groundball, 56S, EV 79.4 MPH)
|
Batting: RHB Gavin Helton
|
0-0: Ball 1-0: Ground out 6-3 (Groundball, 6, EV 91.3 MPH)
|
Bottom of the 6th over - 0 runs, 0 hits, 0 errors, 0 left on base; Albuquerque 3 - New Orleans 5 |
TOP OF THE 7TH |
Albuquerque Isotopes batting - Pitching for New Orleans Zephyrs : RHP Campbell Wagenmakers
|
Pitching: LHP Jordan Hernandez
|
|
Batting: RHB Ryan Taylor
|
0-0: Foul Ball, location: 2F 0-1: Ball 1-1: Fly out, F8 (Flyball, 78D, EV 95.6 MPH)
|
Batting: RHB Nate Carrell
|
0-0: Foul Ball, location: 2F 0-1: Foul Ball, location: 2F 0-2: Ball 1-2: Strikes out swinging
|
Batting: RHB Josh Baker
|
0-0: Ball 1-0: Ball 2-0: Ball 3-0: Base on Balls
|
Batting: RHB Ben Alspach
|
0-0: Foul Ball, location: 2F 0-1: Ball 1-1: Ball 2-1: Fielders Choice at 2nd, 6-4 (Groundball, 6, EV 90.0 MPH)
|
Top of the 7th over - 0 runs, 0 hits, 0 errors, 1 left on base; Albuquerque 3 - New Orleans 5 |
BOTTOM OF THE 7TH |
New Orleans Zephyrs batting - Pitching for Albuquerque Isotopes : LHP Vasquo Sartores
|
Pitching: RHP Brendan Reeves
|
|
Batting: SHB Ramon Martinez
|
0-0: Ball 1-0: Foul Ball, location: 2F 1-1: Ball 2-1: SOLO HOME RUN (Flyball, 7D, EV 101.9 MPH), Distance : 397 ft
|
Batting: RHB Alex Gomez
|
0-0: Called Strike 0-1: SINGLE (Groundball, 56D, EV 101.9 MPH)
|
Batting: RHB Chris Lee
|
0-0: Ball 1-0: Ball Alex Gomez is caught stealing 2nd base 2-4 2-0: Called Strike 2-1: SINGLE (Line Drive, 6D, EV 98.1 MPH)
|
Batting: RHB Gebre-Giorgios Tikolo
|
0-0: Ball 1-0: Ball 2-0: Ball 3-0: Base on Balls Chris Lee to second
|
Batting: RHB Jesus Castillo
|
0-0: Fielders Choice at 2nd, 6-4 (Groundball, 6S, EV 81.9 MPH) Chris Lee to third
|
Batting: RHB Kyle Ashton
|
0-0: Ball 1-0: Called Strike 1-1: SINGLE (Line Drive, 8RS, EV 90.0 MPH) Chris Lee scores Jesus Castillo to second Runner from 2nd tries for 3rd, SAFE, no throw by CF
|
Pinch Runner at 3rd Bill de Jesus:
|
|
Batting: RHB John Jackson
|
0-0: Ball 1-0: Called Strike 1-1: Ball 2-1: Fly out, F9 (Line Drive, 9D, EV 105.6 MPH)
|
Bottom of the 7th over - 2 runs, 4 hits, 0 errors, 2 left on base; Albuquerque 3 - New Orleans 7 |
TOP OF THE 8TH |
Albuquerque Isotopes batting - Pitching for New Orleans Zephyrs : LHP Jordan Hernandez
|
Now in LF: Chris Lee
|
|
Now in RF: Gustavo Patella
|
|
Batting: LHB Enrique Andrade
|
0-0: Foul Ball, location: 2F 0-1: Ball 1-1: Ground out 5-3 (Groundball, 56, EV 103.8 MPH)
|
Batting: LHB Tetsuya Oba
|
0-0: Called Strike 0-1: Fly out, F8 (Flyball, 8RM, EV 92.5 MPH)
|
Batting: RHB Jerry Castro
|
0-0: Ball 1-0: Ball 2-0: Called Strike 2-1: Ball 3-1: Base on Balls
|
Batting: RHB Logan Morgan
|
0-0: Fly out, F9 (Flyball, 9LM, EV 81.9 MPH)
|
Top of the 8th over - 0 runs, 0 hits, 0 errors, 1 left on base; Albuquerque 3 - New Orleans 7 |
BOTTOM OF THE 8TH |
New Orleans Zephyrs batting - Pitching for Albuquerque Isotopes : RHP Brendan Reeves
|
Batting: RHB Humberto Oros
|
0-0: Ball 1-0: Ball 2-0: Ground out 1-3 (Groundball, 13S, EV 68.8 MPH)
|
Batting: RHB Gavin Helton
|
0-0: Fly out, F8 (Flyball, 8LXD, EV 101.9 MPH)
|
Batting: SHB Ramon Martinez
|
0-0: Called Strike 0-1: Ball 1-1: Ball 2-1: Ball 3-1: TRIPLE (Flyball, 78XD, EV 103.8 MPH)
|
Batting: RHB Alex Gomez
|
0-0: Called Strike 0-1: DOUBLE (Flyball, 3D, EV 95.6 MPH) Ramon Martinez scores
|
Pitching: RHP Calvin Hightower
|
|
Batting: RHB Chris Lee
|
0-0: Called Strike 0-1: Ball 1-1: 2-RUN HOME RUN (Flyball, 7LD, EV 101.3 MPH), Distance : 384 ft
|
Batting: RHB Gebre-Giorgios Tikolo
|
0-0: Called Strike 0-1: Swinging Strike 0-2: Ball 1-2: Ground out 6-3 (Groundball, 6, EV 110.0 MPH)
|
Bottom of the 8th over - 3 runs, 3 hits, 0 errors, 0 left on base; Albuquerque 3 - New Orleans 10 |
TOP OF THE 9TH |
Albuquerque Isotopes batting - Pitching for New Orleans Zephyrs : LHP Jordan Hernandez
|
Batting: RHB Bobby Heagle
|
0-0: Fly out, F8 (Flyball, 89M, EV 79.4 MPH)
|
Batting: RHB Ryan Taylor
|
0-0: Ball 1-0: Called Strike 1-1: Ground out 6-3 (Groundball, P, EV 83.8 MPH)
|
Batting: RHB Nate Carrell
|
0-0: Swinging Strike 0-1: Ball 1-1: Ball 2-1: Called Strike 2-2: Ground out 5-3 (Groundball, 56, EV 104.4 MPH)
|
Top of the 9th over - 0 runs, 0 hits, 0 errors, 0 left on base; Albuquerque 3 - New Orleans 10 |
|